NWL (28 & UNDER)
BALZAC RAMS @ CASPER GHOSTS
08/25/2030
 
TOP OF THE 1ST
Balzac Rams batting - Pitching for Casper Ghosts : LHP Juan Martínez
Pitching: LHP Juan Martínez
Batting: RHB Charles Lewis 0-0: Called Strike
0-1: Ball
1-1: Ball
2-1: Foul Ball, location: 2F
2-2: Foul Ball, location: 2F
2-2: Ball
3-2: Foul Ball, location: 2F
3-2: Foul Ball, location: 2F
3-2: SINGLE (Groundball, 56S) (infield hit)
Batting: RHB Juan Jose López 0-0: SINGLE (Groundball, 34D)
Charles Lewis to second
Runner from 2nd tries for 3rd, SAFE, no throw
Batting: LHB Fernando Cruz 0-0: Ball
1-0: Ground out U3 (Groundball, 34)
Charles Lewis scores
Juan Jose López to second
Batting: RHB Pedro Molina 0-0: Called Strike
0-1: Called Strike
0-2: Ball
1-2: Hit by Pitch
Batting: SHB Juan Soriano 0-0: Foul Ball, location: 2F
0-1: Ball
1-1: Foul Ball, location: 2F
1-2: Strikes out swinging
Batting: RHB Sam Lynch 0-0: Ball
1-0: Fielders Choice at 2nd, 6-4 (Groundball, 6)
Top of the 1st over - 1 run, 2 hits, 0 errors, 2 left on base; Balzac 1 - Casper 0
BOTTOM OF THE 1ST
Casper Ghosts batting - Pitching for Balzac Rams : LHP Tim Bowles
Pitching: LHP Tim Bowles
Batting: RHB Troy Reed 0-0: Called Strike
0-1: Foul Ball, location: 2F
0-2: Fly out, F8 (Flyball, 89M)
Batting: RHB Miguel Toro 0-0: Ball
1-0: Called Strike
1-1: Called Strike
1-2: Ball
2-2: Ball
3-2: Base on Balls
Batting: RHB Jerry Browning 0-0: Ball
1-0: Ball
2-0: Called Strike
2-1: Ball
3-1: Reached via error on a dropped throw, E1
Miguel Toro to second
Batting: LHB Ralph Cobb 0-0: Called Strike
0-1: Foul Ball, location: 2F
0-2: Fly out, F5 (Popup, 25F)
Batting: LHB Luis Rodríguez 0-0: Ball
1-0: Swinging Strike
1-1: Ground out U3 (Groundball, 34S)
Bottom of the 1st over - 0 runs, 0 hits, 1 error, 2 left on base; Balzac 1 - Casper 0
TOP OF THE 2ND
Balzac Rams batting - Pitching for Casper Ghosts : LHP Juan Martínez
Batting: RHB Jorge Castillo 0-0: Ball
1-0: Ball
2-0: Swinging Strike
2-1: Ball
3-1: Called Strike
3-2: Strikes out looking
Batting: RHB Thomas Bravo 0-0: Called Strike
0-1: Called Strike
0-2: Ball
1-2: Fly out, F8 (Flyball, 8RM)
Batting: RHB Chris Forrest 0-0: Ball
1-0: Called Strike
1-1: Called Strike
1-2: Strikes out swinging
Top of the 2nd over - 0 runs, 0 hits, 0 errors, 0 left on base; Balzac 1 - Casper 0
BOTTOM OF THE 2ND
Casper Ghosts batting - Pitching for Balzac Rams : LHP Tim Bowles
Batting: RHB Tommy Allen 0-0: Ball
1-0: Ball
2-0: Ball
3-0: Base on Balls
Batting: SHB Esteban Aliaga 0-0: Called Strike
0-1: Foul Ball, location: 2F
0-2: Ball
1-2: Ball
2-2: SINGLE (Groundball, 56D)
Tommy Allen to second
Batting: RHB Zhong-xian Pai 0-0: DOUBLE (Groundball, 5L)
Tommy Allen scores
Esteban Aliaga to third
Batting: RHB Robert Acosta 0-0: Ball
1-0: Called Strike
1-1: Called Strike
1-2: Ball
2-2: Ground out 5-3 (Groundball, 56)
Esteban Aliaga scores
Batting: RHB Troy Reed 0-0: Called Strike
0-1: Swinging Strike
0-2: SINGLE (Line Drive, 56D)
Zhong-xian Pai to third
Runner from 3rd tries for Home, SAFE, no throw
Batting: RHB Miguel Toro 0-0: Ball
Troy Reed steals 2nd base
1-0: Ball
2-0: Ball
3-0: Called Strike
3-1: Called Strike
3-2: SINGLE (Flyball, 8RM)
Troy Reed to third
Runner from 3rd tries for Home, SAFE, no throw
Batting: RHB Jerry Browning 0-0: Ball
1-0: Foul Ball, location: 2F
1-1: Ball
2-1: Ball
3-1: Foul Ball, location: 2F
3-2: SINGLE (Flyball, 89S)
Miguel Toro to second
Miguel Toro to third
Batting: LHB Ralph Cobb 0-0: Ball
1-0: Called Strike
1-1: Foul Ball, location: 2F
1-2: Foul Ball, location: 2F
1-2: Foul Ball, location: 2F
1-2: SINGLE (Groundball, 5D)
Miguel Toro scores
Jerry Browning to second
Batting: LHB Luis Rodríguez 0-0: Ball
1-0: Called Strike
1-1: Fly out, F7 (Flyball, 7D)
Runner from 2nd tags up, SAFE at 3rd, no throw
Batting: RHB Tommy Allen 0-0: Ball
1-0: Ball
2-0: Ball
3-0: Base on Balls
Ralph Cobb to second
Batting: SHB Esteban Aliaga 0-0: Called Strike
0-1: Foul Ball, location: 2F
0-2: Foul Ball, location: 2F
0-2: Strikes out looking
Bottom of the 2nd over - 5 runs, 6 hits, 0 errors, 3 left on base; Balzac 1 - Casper 5
TOP OF THE 3RD
Balzac Rams batting - Pitching for Casper Ghosts : LHP Juan Martínez
Batting: RHB Charles Lewis 0-0: Fly out, F9 (Flyball, 9S)
Batting: RHB Juan Jose López 0-0: Foul Ball, location: 2F
0-1: Swinging Strike
0-2: Strikes out swinging
Batting: LHB Fernando Cruz 0-0: Ball
1-0: SINGLE (Groundball, 3D)
Batting: RHB Pedro Molina 0-0: Fielders Choice at 2nd, 6-4 (Groundball, 6)
Top of the 3rd over - 0 runs, 1 hit, 0 errors, 1 left on base; Balzac 1 - Casper 5
BOTTOM OF THE 3RD
Casper Ghosts batting - Pitching for Balzac Rams : LHP Tim Bowles
Batting: RHB Zhong-xian Pai 0-0: Called Strike
0-1: Ball
1-1: Ball
2-1: Swinging Strike
2-2: Ball
3-2: Base on Balls
Batting: RHB Robert Acosta 0-0: Ball
1-0: Fly out, F7 (Line Drive, 7LM)
Batting: RHB Troy Reed 0-0: Called Strike
0-1: Ball
1-1: Called Strike
1-2: Grounds into double play, 5-4-3 (Groundball, 5)
Bottom of the 3rd over - 0 runs, 0 hits, 0 errors, 0 left on base; Balzac 1 - Casper 5
TOP OF THE 4TH
Balzac Rams batting - Pitching for Casper Ghosts : LHP Juan Martínez
Batting: SHB Juan Soriano 0-0: Ball
1-0: Ball
2-0: SINGLE (Groundball, 4MD)
Batting: RHB Sam Lynch 0-0: Called Strike
0-1: DOUBLE (Line Drive, 7LD)
Juan Soriano to third
Batting: RHB Jorge Castillo 0-0: Ball
1-0: SINGLE (Groundball, 56D)
Juan Soriano scores
Sam Lynch to third
Batting: RHB Thomas Bravo 0-0: Ball
1-0: Ball
2-0: Ball
3-0: Base on Balls
Jorge Castillo to second
Batting: RHB Chris Forrest 0-0: Called Strike
0-1: Ball
1-1: SINGLE (Groundball, 34D)
Sam Lynch scores
Jorge Castillo to third
Thomas Bravo to second
Runner from 3rd tries for Home, throw and OUT!
Pitching: RHP Willie Alexander
Batting: RHB Charles Lewis 0-0: Swinging Strike
0-1: Called Strike
0-2: Ball
1-2: Ball
2-2: Strikes out swinging
Batting: RHB Juan Jose López 0-0: Foul Ball, location: 2F
0-1: Swinging Strike
0-2: Strikes out swinging
Top of the 4th over - 2 runs, 4 hits, 0 errors, 2 left on base; Balzac 3 - Casper 5
BOTTOM OF THE 4TH
Casper Ghosts batting - Pitching for Balzac Rams : LHP Tim Bowles
Batting: RHB Miguel Toro 0-0: Ball
1-0: Called Strike
1-1: Swinging Strike
1-2: DOUBLE (Line Drive, 78M)
Pinch Runner at 2nd Henry Morris:
Batting: RHB Jerry Browning 0-0: Fly out, F7 (Flyball, 7LM)
Batting: LHB Ralph Cobb 0-0: Called Strike
0-1: Ball
1-1: Ball
2-1: Called Strike
2-2: Strikes out swinging
Batting: LHB Luis Rodríguez 0-0: Ball
1-0: Called Strike
1-1: Foul Ball, location: 2F
1-2: Ball
2-2: Ball
3-2: SINGLE (Groundball, 34D)
Henry Morris to third
Henry Morris scores
Batting: RHB Tommy Allen 0-0: Ball
1-0: Ball
2-0: Ball
3-0: Called Strike
3-1: Base on Balls
Luis Rodríguez to second
Pitching: RHP Nick Duncan
Batting: SHB Esteban Aliaga 0-0: Ball
1-0: Ground out 3-1 (Groundball, 34S)
Bottom of the 4th over - 1 run, 2 hits, 0 errors, 2 left on base; Balzac 3 - Casper 6
TOP OF THE 5TH
Balzac Rams batting - Pitching for Casper Ghosts : RHP Willie Alexander
Now at 2B: Henry Morris
Batting: LHB Fernando Cruz 0-0: Ball
1-0: Ball
2-0: Ball
3-0: Base on Balls
Batting: RHB Pedro Molina 0-0: Fly out, F7 (Flyball, 7S)
Batting: SHB Juan Soriano 0-0: Called Strike
0-1: Ball
1-1: Called Strike
1-2: Strikes out swinging
Batting: RHB Sam Lynch 0-0: Called Strike
0-1: Ball
1-1: DOUBLE (Line Drive, 89D)
Fernando Cruz to third
Runner from 3rd tries for Home, SAFE, no throw
Batting: RHB Jorge Castillo 0-0: SINGLE (Line Drive, 4M)
Sam Lynch to third
Batting: RHB Thomas Bravo 0-0: Ball
1-0: Foul Ball, location: 2F
1-1: Ball
2-1: Foul Ball, location: 2F
2-2: Ball
3-2: Ground out 5-3 (Groundball, 56S)
Top of the 5th over - 1 run, 2 hits, 0 errors, 2 left on base; Balzac 4 - Casper 6
BOTTOM OF THE 5TH
Casper Ghosts batting - Pitching for Balzac Rams : RHP Nick Duncan
Batting: RHB Zhong-xian Pai 0-0: Called Strike
0-1: Called Strike
0-2: Foul Ball, location: 2F
0-2: Ball
1-2: Strikes out swinging
Batting: RHB Robert Acosta 0-0: Ground out 6-3 (Groundball, 6)
Batting: RHB Troy Reed 0-0: Ball
1-0: Ball
2-0: SINGLE (Groundball, 34D)
Batting: RHB Henry Morris 0-0: Ball
1-0: Called Strike
1-1: Called Strike
1-2: Ball
2-2: Ground out 5-3 (Groundball, 56S)
Bottom of the 5th over - 0 runs, 1 hit, 0 errors, 1 left on base; Balzac 4 - Casper 6
TOP OF THE 6TH
Balzac Rams batting - Pitching for Casper Ghosts : RHP Willie Alexander
Batting: RHB Chris Forrest 0-0: Called Strike
0-1: Ball
1-1: SINGLE (Flyball, 9LS)
Batting: RHB Charles Lewis 0-0: Foul Ball, location: 2F
0-1: Foul Ball, location: 2F
0-2: Foul Ball, location: 2F
0-2: Foul Ball, location: 2F
0-2: Ball
1-2: Ball
2-2: Ball
3-2: Foul Ball, location: 2F
3-2: Foul Ball, location: 2F
3-2: SINGLE (Groundball, 4MD)
Chris Forrest to second
Batting: RHB Juan Jose López 0-0: Ball
1-0: Foul Ball, location: 2F
1-1: Fly out, F8 (Flyball, 8LXD)
Runner from 2nd tags up, SAFE at 3rd, no throw
Pitching: LHP Gregory Thompson
Batting: LHB Fernando Cruz 0-0: Swinging Strike
0-1: Foul Ball, location: 2F
0-2: Ball
1-2: Strikes out swinging
Batting: RHB Pedro Molina 0-0: Called Strike
0-1: Ball
1-1: Foul Ball, location: 2F
1-2: SINGLE (Flyball, 78S)
Chris Forrest scores
Charles Lewis to second
Batting: SHB Juan Soriano 0-0: Called Strike
0-1: SINGLE (Flyball, 89M)
Charles Lewis to third
Pedro Molina to second
Runner from 3rd tries for Home, SAFE, no throw
Batting: RHB Sam Lynch 0-0: Fly out, F8 (Flyball, 8LM)
Top of the 6th over - 2 runs, 4 hits, 0 errors, 2 left on base; Balzac 6 - Casper 6
BOTTOM OF THE 6TH
Casper Ghosts batting - Pitching for Balzac Rams : RHP Nick Duncan
Batting: RHB Jerry Browning 0-0: Ball
1-0: Ground out U3 (Groundball, 3)
Batting: LHB Ralph Cobb 0-0: Ball
1-0: Ball
2-0: SOLO HOME RUN (Flyball, 9D), Distance : 406 ft
Batting: LHB Luis Rodríguez 0-0: Ball
1-0: Ground out 6-3 (Groundball, 6)
Batting: RHB Tommy Allen 0-0: Ball
1-0: Swinging Strike
1-1: Swinging Strike
1-2: Ball
2-2: Foul Ball, location: 2F
2-2: Strikes out swinging
Bottom of the 6th over - 1 run, 1 hit, 0 errors, 0 left on base; Balzac 6 - Casper 7
TOP OF THE 7TH
Balzac Rams batting - Pitching for Casper Ghosts : LHP Gregory Thompson
Batting: RHB Jorge Castillo 0-0: Foul Ball, location: 2F
0-1: Ball
1-1: Swinging Strike
1-2: Foul Ball, location: 2F
1-2: Ball
2-2: Ball
3-2: Strikes out swinging
Batting: RHB Thomas Bravo 0-0: Called Strike
0-1: Ball
1-1: Ball
2-1: Foul Ball, location: 2F
2-2: Strikes out swinging
Batting: RHB Chris Forrest 0-0: Called Strike
0-1: Ground out 4-3 (Groundball, 34)
Top of the 7th over - 0 runs, 0 hits, 0 errors, 0 left on base; Balzac 6 - Casper 7
BOTTOM OF THE 7TH
Casper Ghosts batting - Pitching for Balzac Rams : RHP Nick Duncan
Pitching: RHP John Dickson
Batting: SHB Esteban Aliaga 0-0: Called Strike
0-1: Called Strike
0-2: Ball
1-2: Ground out 4-3 (Groundball, 4)
Batting: RHB Zhong-xian Pai 0-0: Called Strike
0-1: Foul Ball, location: 2F
0-2: Ball
1-2: Ball
2-2: Foul Ball, location: 2F
2-2: Strikes out looking
Batting: RHB Robert Acosta 0-0: Swinging Strike
0-1: Ball
1-1: Ball
2-1: Ball
3-1: Foul Ball, location: 2F
3-2: Ground out 5-3 (Groundball, 5)
Bottom of the 7th over - 0 runs, 0 hits, 0 errors, 0 left on base; Balzac 6 - Casper 7
TOP OF THE 8TH
Balzac Rams batting - Pitching for Casper Ghosts : LHP Gregory Thompson
Batting: RHB Charles Lewis 0-0: Ball
1-0: Foul Ball, location: 2F
1-1: DOUBLE (Popup, 6D)
Pinch Hitting: RHB Gunner Allen 0-0: Ball
1-0: Foul Ball, location: 2F
1-1: Ball
2-1: Called Strike
2-2: Ball
3-2: Strikes out swinging
Batting: LHB Fernando Cruz 0-0: Ball
1-0: Foul Ball, location: 2F
1-1: Ball
2-1: Foul Ball, location: 2F
2-2: Ground out 4-3 (Groundball, 34)
Charles Lewis to third
Batting: RHB Pedro Molina 0-0: Ball
1-0: Called Strike
1-1: Ball
2-1: Foul Ball, location: 2F
2-2: Ball
3-2: Base on Balls
Batting: SHB Juan Soriano 0-0: Fielders Choice at 2nd, 6-4 (Groundball, 6)
Top of the 8th over - 0 runs, 1 hit, 0 errors, 2 left on base; Balzac 6 - Casper 7
BOTTOM OF THE 8TH
Casper Ghosts batting - Pitching for Balzac Rams : RHP John Dickson
Now in LF: Gunner Allen
Batting: RHB Troy Reed 0-0: Called Strike
0-1: Ground out 6-3 (Groundball, 6S)
Batting: RHB Henry Morris 0-0: Swinging Strike
0-1: Ball
1-1: Foul Ball, location: 2F
1-2: Strikes out swinging
Batting: RHB Jerry Browning 0-0: DOUBLE (Line Drive, 7LD)
Batting: LHB Ralph Cobb 0-0: Foul Ball, location: 2F
0-1: 2-RUN HOME RUN (Flyball, 7D), Distance : 408 ft
Batting: LHB Luis Rodríguez 0-0: Swinging Strike
0-1: Ball
1-1: Ball
2-1: Ball
3-1: Base on Balls
Batting: RHB Tommy Allen 0-0: Ball
1-0: Ball
2-0: Ball
3-0: Called Strike
3-1: Foul Ball, location: 2F
3-2: Strikes out swinging
Bottom of the 8th over - 2 runs, 2 hits, 0 errors, 1 left on base; Balzac 6 - Casper 9
TOP OF THE 9TH
Balzac Rams batting - Pitching for Casper Ghosts : LHP Gregory Thompson
Batting: RHB Sam Lynch 0-0: Ball
1-0: Ground out 1-3 (Groundball, 15S)
Batting: RHB Jorge Castillo 0-0: SINGLE (Line Drive, 34D)
Batting: RHB Thomas Bravo Pickoff Throw to First - Out!
0-0: Ball
1-0: Ball
2-0: Foul Ball, location: 2F
2-1: Called Strike
2-2: DOUBLE (Groundball, 5L)
Batting: RHB Chris Forrest 0-0: Ball
1-0: DOUBLE (Line Drive, 7LM)
Thomas Bravo scores
Batting: RHB Charles Lewis 0-0: Swinging Strike
0-1: Called Strike
0-2: Strikes out looking
Top of the 9th over - 1 run, 3 hits, 0 errors, 1 left on base; Balzac 7 - Casper 9
Saturday, April 7th, 2018 - OOTP Baseball 18.8 Build 76